 Dungeon Crawl Stone Soup version 0.29.1-15-g9cfb28693d (webtiles) character file.

Game seed: 13411745617589171300

12 leafyfresh the Sneak (level 2, -1/21 HPs)
             Began as an Octopode Delver on Mar 5, 2023.
             Was an Initiate of Ashenzari.
             Slain by a phantom (6 damage)
             ... on level 4 of the Dungeon.
             The game lasted 00:01:11 (273 turns).

leafyfresh the Sneak (Octopode Delver)               Turns: 273, Time: 00:01:12

Health: -1/21      AC:  1    Str: 11    XL:     2   Next: 33%
Magic:  2/2        EV: 13    Int: 12    God:    Ashenzari [......]
Gold:   0          SH:  0    Dex: 13    Spells: 1/1 levels left

rFire   . . .      SeeInvis .   a - +0 short sword
rCold   . . .      Faith    .   (no shield)
rNeg    . . .      Spirit   .   (helmet restricted)
rPois   .          Reflect  .   (no amulet)
rElec   .          Harm     .   (no ring)
rCorr   .          Rampage  .   (no ring)
Will    .....                   (no ring)
Stlth   ++++......              (no ring)
HPRegen 0.07/turn               (no ring)
MPRegen 0.08/turn               (no ring)
                                (no ring)
                                (no ring)

@: no status effects
A: almost no armour, amphibious, 8 rings, camouflage 1, gelatinous body 1,
(nimble swimmer 1), tentacles
a: Renounce Religion


You were on level 4 of the Dungeon.
You worshipped Ashenzari.
Ashenzari was noncommittal.
You visited 1 branch of the dungeon, and saw 2 of its levels.

Inventory:

Hand Weapons
 a - a +0 short sword (weapon)
Wands
 f - a wand of digging (3)
Scrolls
 b - a scroll of fog
 c - a scroll of magic mapping
 d - a scroll of fear
 g - a scroll of identify {unknown}
Potions
 e - a potion of haste


   Skills:
 + Level 3.2 Fighting
 - Level 2.0 Short Blades
 + Level 2.3 Dodging
 + Level 6.8 Stealth


You had one spell level left.
You didn't know any spells.
Your spell library was empty.

Dungeon Overview and Level Annotations

Branches:
Dungeon (5/15)
 Temple: D:4-7

Altars:
Ashenzari
Kikubaaqudgha

Shops:
D:5 *?*


Innate Abilities, Weirdness & Mutations

You cannot wear most types of armour.
You are amphibious.
You can wear up to eight rings at the same time.
Your skin changes colour to match your surroundings (Stealth+).
Your rubbery body absorbs attacks. (AC +1, EV +1)
((You are camouflaged when in or above water. (Stealth+)))
You have tentacles for arms and can constrict up to eight enemies at once.


Message History

You hit the phantom but do no damage. The phantom closely misses you.
You hit the phantom.
The phantom is lightly damaged.
The phantom hits you.
You hit the phantom. Your squeeze misses the phantom.
The phantom is lightly damaged.
The phantom closely misses you.
You hit the phantom but do no damage.
The phantom is lightly damaged.
The phantom hits you but does no damage.
You barely miss the phantom. You squeeze the phantom!
The phantom is heavily damaged.
The phantom barely misses you.
You miss the phantom.
The phantom is heavily damaged.
The phantom closely misses you.
You hit the phantom.
The phantom is heavily damaged.
The phantom misses you.
You miss the phantom. Your squeeze misses the phantom.
The phantom is heavily damaged.
The phantom hits you but does no damage.
You hit the phantom.
The phantom is severely damaged.
The phantom hits you.
The phantom blinks!
You blink.
The phantom hits you.
You hit the phantom but do no damage.
The phantom is severely damaged.
The phantom hits you but does no damage.
You closely miss the phantom.
The phantom is severely damaged.
The phantom hits you.
* * * LOW HITPOINT WARNING * * *
You hit the phantom but do no damage. Your squeeze misses the phantom.
The phantom is severely damaged.
The phantom completely misses you.
You hit the phantom.
The phantom is almost destroyed.
The phantom hits you.
You die...

#....## #>..#.#
## ########...#
.### #.........##
..#####'######..#
#..#.......# ##.#
#.##.......# #.#
#.'.W.......+ ...
###.@.......#
.###
#...........# +#
###.......###
#+#...#+# #####


You could see a phantom.

Vanquished Creatures
  An adder (D:5)
  A dart slug (D:5)
2 creatures vanquished.

Notes
Turn   | Place    | Note
-------+----------+-------------------------------------------
     0 | D:5      | leafyfresh the Octopode Delver began the quest for the Orb.
     0 | D:5      | Reached XP level 1. HP: 16/16 MP: 1/1
     2 | D:5      | Found Kipnof's General Store.
     4 | D:5      | Found Wauteaf's Assorted Antiques.
    13 | D:5      | Reached XP level 2. HP: 13/21 MP: 2/2
   189 | D:5      | Noticed a scorpion
   193 | D:5      | Found a broken altar of Ashenzari.
   199 | D:5      | Noticed an ice beast
   213 | D:5      | Became a worshipper of Ashenzari the Shackled
   235 | D:5      | Found an ancient bone altar of Kikubaaqudgha.
   242 | D:4      | Noticed a phantom
   273 | D:4      | Slain by a phantom

Illustrated notes

Levels and vault maps discovered:
D:4:      nicolae_cairo_tiling_very_big, layout_loops_ring, chei_slow_surprise,
          mainiacjoe_overflow_catwalk, elyvilon_altar_1,
          mainiacjoe_overflow_paths, minmay_temple_entry_statues_fountains,
          roderic_roman_lattice
D:5:      layout_basic, kiku_gazebo_pond_becter, grunt_qazlal_sundering,
          mainiacjoe_overflow_brackets, minmay_misc_feat_doors,
          nicolae_wooded_promenade, pf_guarded_unrand_delatra

Action                   || total
-------------------------++-------
Melee: Short sword       ||    19
       Tentacles         ||     2
       Constrict         ||     1
 Stab: Sleeping          ||     1
Armor: Skin              ||     3
Dodge: Dodged            ||     9
